Nashville Predators vs Edmonton Oilers
Created - Thursday, September 12, 2024 at 09:09
Goals
|
| Nashville Predators |
1 |
1 |
3 |
5 |
| Edmonton Oilers |
0 |
0 |
2 |
2 |
|
Shots
|
| Nashville Predators |
10 |
21 |
14 |
45 |
| Edmonton Oilers |
7 |
16 |
19 |
42 |
|
1st period
1. Nashville Predators , Leo Carlsson 7 (Tyson Foerster 10) at 10:09
Penalties :
Artem Zub (NSH) for Tripping (Minor) at 7:21, Corey Perry (EDM) for Fighting (Major) at 11:34, Pius Suter (NSH) for Fighting (Major) at 11:34, David Perron (EDM) for Interference (Minor) at 14:26
2nd period
2. Nashville Predators , Thomas Novak 7 (Leo Carlsson 6, Mattias Samuelsson 1) at 17:50
Penalties :
Alex Iafallo (EDM) for Holding (Minor) at 14:30, Adrian Kempe (EDM) for High sticking (Minor) at 18:42
3rd period
3. Nashville Predators , Artem Zub 1 (Pius Suter 7) at 0:23 (PP)
4. Nashville Predators , Leo Carlsson 8 (Thomas Novak 8, Parker Wotherspoon 7) at 2:42
5. Edmonton Oilers , David Perron 10 (Rasmus Ristolainen 3) at 7:00
6. Nashville Predators , Ryan Johansen 9 (Simon Benoit 4, Colton Sissons 11) at 13:25 (SH)
7. Edmonton Oilers , Adrian Kempe 13 (Brock Boeser 11) at 18:20
Penalties :
Zach Benson (NSH) for Delaying the game (Minor) at 13:16, Tanner Jeannot (EDM) for Fighting (Major) at 15:30, Michael Carcone (NSH) for Fighting (Major) at 15:30
Goalie Stats
Semyon Varlamov (NSH), 40 saves from 42 shots - (0.952), W, 7-4-1, 60:00 minutes
Juuse Saros (EDM), 40 saves from 45 shots - (0.889), L, 4-10-0, 60:00 minutes
Players Stats for Nashville Predators
Player Name G A P +/- PIM S H SB GA TA FO MP PP MP PK MP
------------------------------------------------------------------------------------
Artem Zub 1 0 1 0 2 3 2 1 0 1 0/0 21:29 2:51 1:08
Brett Leason 0 0 0 0 0 2 0 1 1 1 0/3 17:33 2:45 2:04
Colton Sissons 0 1 1 -1 0 7 0 0 1 0 14/24 18:41 2:45 2:04
Dante Fabbro 0 0 0 0 0 2 1 1 0 2 0/0 20:31 2:51 2:06
Jack Drury 0 0 0 0 0 2 1 0 0 0 1/5 10:29 0:00 0:29
Jordan Harris 0 0 0 0 0 0 1 3 0 2 0/0 18:49 2:48 0:44
Leo Carlsson 2 1 3 2 0 6 1 0 0 0 1/1 16:05 0:47 0:00
Mattias Samuelsson 0 1 1 0 0 2 0 2 0 1 0/0 17:31 0:00 0:18
Max Pacioretty 0 0 0 -1 0 2 2 0 1 1 0/1 16:47 2:54 0:00
Michael Carcone 0 0 0 0 5 2 0 1 1 0 0/0 9:17 0:00 0:00
Parker Wotherspoon 0 1 1 2 0 1 3 0 0 3 0/0 22:14 2:48 1:50
Pius Suter 0 1 1 0 5 2 1 0 0 2 1/3 16:20 1:43 1:38
Ryan Johansen 1 0 1 1 0 6 1 0 1 0 8/16 17:26 2:52 1:41
Simon Benoit 0 1 1 2 0 1 1 0 0 0 0/0 19:26 0:00 1:50
Thomas Novak 1 1 2 2 0 5 0 0 1 0 4/14 13:36 0:00 0:00
Tyson Foerster 0 1 1 2 0 1 3 1 0 0 1/1 16:45 3:09 0:00
Zach Benson 0 0 0 0 2 0 1 2 2 0 0/0 12:59 0:02 0:00
Zemgus Girgensons 0 0 0 0 0 1 3 0 0 0 1/1 10:00 0:00 0:00
Players Stats for Edmonton Oilers
Player Name G A P +/- PIM S H SB GA TA FO MP PP MP PK MP
------------------------------------------------------------------------------------
Adrian Kempe 1 0 1 -1 2 4 1 0 2 0 0/1 19:26 1:57 1:51
Alex Iafallo 0 0 0 0 2 2 0 1 2 0 0/0 12:45 0:03 0:00
Brandon Carlo 0 0 0 -2 0 1 0 0 0 0 0/0 22:29 1:59 2:53
Brett Pesce 0 0 0 0 0 2 1 3 0 1 0/0 17:25 1:59 0:00
Brock Boeser 0 1 1 -1 0 3 5 0 0 0 2/2 19:22 1:57 2:28
Corey Perry 0 0 0 0 5 2 2 1 0 1 0/0 12:00 0:00 0:00
David Perron 1 0 1 1 2 6 1 0 1 0 3/3 16:48 0:03 1:29
Dawson Mercer 0 0 0 -1 0 4 2 0 2 0 2/16 16:36 1:58 2:12
Evan Bouchard 0 0 0 0 0 3 3 0 0 0 0/0 22:01 1:59 2:46
Jacob Trouba 0 0 0 -2 0 2 2 2 0 2 0/0 22:29 1:59 2:53
Jake DeBrusk 0 0 0 0 0 2 2 1 2 1 0/2 17:04 1:58 0:16
Jeff Carter 0 0 0 0 0 0 0 0 3 1 11/18 16:25 1:58 0:07
Mikael Backlund 0 0 0 -1 0 0 1 0 0 1 19/23 20:31 1:57 2:55
Morgan Barron 0 0 0 -1 0 1 3 0 0 1 0/0 8:26 0:03 0:00
Rasmus Ristolainen 0 1 1 0 0 1 1 0 0 0 0/0 18:16 0:00 2:46
Ryan McLeod 0 0 0 -1 0 3 0 0 0 0 1/4 7:42 0:00 0:00
Scott Mayfield 0 0 0 0 0 4 3 0 1 0 0/0 17:20 0:00 0:00
Tanner Jeannot 0 0 0 -1 5 2 1 0 0 0 0/0 7:11 0:00 0:00
3 Stars
1 - Leo Carlsson (NSH)
2 - Semyon Varlamov (NSH)
3 - Thomas Novak (NSH)
Power Play
Nashville Predators - 1 on 3 Attempt(s) - 33.33%
Edmonton Oilers - 0 on 2 Attempt(s) - 0.00%
Penalty Kill
Nashville Predators - 2 on 2 Attempt(s) - 100.00%
- Score 1 goal in Penalty Kill
Edmonton Oilers - 2 on 3 Attempt(s) - 66.67%
- Score 0 goal in Penalty Kill
Team Stat
Nashville Predators - Hits : 21 - Faceoff Wins : 31 - Blocked Shots : 12 - Penalty Minutes : 14
Edmonton Oilers - Hits : 28 - Faceoff Wins : 38 - Blocked Shots : 8 - Penalty Minutes : 16
Official
Referees : Brandon Blandina and Cody Beach
Linesman : Devin Berg and Caleb Apperson
Game Notes
Corey Perry beats up Pius Suter at 11:34 of 1st period
Tanner Jeannot and Michael Carcone fight to a draw at 15:30 of 3rd period
Finance
Level 1 -- Attendance: 5580 (93.00%) -- Ticket Income $502,200
Level 2 -- Attendance: 4483 (89.66%) -- Ticket Income $224,150
Level 3 -- Attendance: 2981 (99.37%) -- Ticket Income $89,430
Level 4 -- Attendance: 5000 (100.00%) -- Ticket Income $100,000
Luxury Box -- Attendance: 972 (97.20%) -- Ticket Income $184,680
Game was played at the Rexall Place.
Total Attendance: 19016 (95.08%)
Total Ticket Income: $1,100,460
Other Income: $385,161
Total Income: $1,485,621
Nashville Predators
5 vs 5 Forward
Center Left Wing Right Wing Time % Phy DF OF
1 Colton Sissons Max Pacioretty Pius Suter 27 1 2 2
2 Thomas Novak Tyson Foerster Leo Carlsson 27 0 2 3
3 Ryan Johansen Brett Leason Zach Benson 25 0 2 3
4 Jack Drury Zemgus Girgensons Michael Carcone 21 1 2 2
5 vs 5 Defense
Defense Defense Time % Phy DF OF
1 Artem Zub Mattias Samuelsson 35 1 3 1
2 Parker Wotherspoon Simon Benoit 35 1 3 1
3 Jordan Harris Dante Fabbro 30 1 3 1
4 Dante Fabbro Jordan Harris 0 1 3 1
PowerPlay Forward
Center Left Wing Right Wing Time % Phy DF OF
1 Ryan Johansen Max Pacioretty Pius Suter 50 1 1 3
2 Colton Sissons Tyson Foerster Brett Leason 50 1 1 3
PowerPlay Defense
Defense Defense Time % Phy DF OF
1 Dante Fabbro Artem Zub 50 1 1 3
2 Jordan Harris Parker Wotherspoon 50 2 2 1
Penalty Kill 4 Players Forward
Center Wing Time % Phy DF OF
1 Colton Sissons Brett Leason 50 1 2 2
2 Ryan Johansen Pius Suter 50 1 2 2
Penalty Kill 4 Players Defense
Defense Defense Time % Phy DF OF
1 Dante Fabbro Artem Zub 50 2 2 1
2 Simon Benoit Parker Wotherspoon 50 1 2 2
Penalty Kill - 3 Players Forward
Forward Time % Phy DF OF
1 Colton Sissons 50 1 2 2
2 Ryan Johansen 50 1 2 2
Penalty Kill - 3 Players Defense
Defense Defense Time % Phy DF OF
1 Jordan Harris Artem Zub 50 1 2 2
2 Parker Wotherspoon Simon Benoit 50 1 2 2
4 vs 4 Forward
Center Wing Time % Phy DF OF
1 Colton Sissons Tyson Foerster 50 1 2 2
2 Ryan Johansen Brett Leason 50 1 2 2
4 vs 4 Defense
Defense Defense Time % Phy DF OF
1 Artem Zub Jordan Harris 50 2 2 1
2 Dante Fabbro Parker Wotherspoon 50 1 2 2
Last Minutes Offensive
Center Left Wing Right Wing Defense Defense
Colton Sissons Pius Suter Tyson Foerster Dante Fabbro Jordan Harris
Last Minutes Defensive
Center Left Wing Right Wing Defense Defense
Colton Sissons Pius Suter Brett Leason Mattias Samuelsson Artem Zub
Goaltenders
Starting : Semyon Varlamov
Backup : Anthony Stolarz
Extra Forwards
Normal : Leo Carlsson, Zach Benson, Colton Sissons - PP : Tyson Foerster, Pius Suter - PK : Jack Drury
Extra Defensemen
Normal : Artem Zub, Dante Fabbro, Jordan Harris - PP : Parker Wotherspoon - PK : Jordan Harris, Dante Fabbro
Penalty Shots
Thomas Novak, Leo Carlsson, Pius Suter, Ryan Johansen, Max Pacioretty
Scratches
Kevin Labanc (Healthy), Henri Jokiharju (Healthy), Jakub Voracek (Healthy), Josh Doan (Strained Right Knee Injury), Mads Sogaard (Healthy)
Edmonton Oilers
5 vs 5 Forward
Center Left Wing Right Wing Time % Phy DF OF
1 Mikael Backlund Brock Boeser Adrian Kempe 30 1 2 2
2 Jeff Carter David Perron Jake DeBrusk 30 1 2 2
3 Dawson Mercer Corey Perry Alex Iafallo 25 1 2 2
4 Ryan McLeod Morgan Barron Tanner Jeannot 15 1 2 2
5 vs 5 Defense
Defense Defense Time % Phy DF OF
1 Brandon Carlo Jacob Trouba 35 1 2 2
2 Evan Bouchard Scott Mayfield 35 1 2 2
3 Brett Pesce Rasmus Ristolainen 30 1 2 2
4 Brandon Carlo Jacob Trouba 0 1 2 2
PowerPlay Forward
Center Left Wing Right Wing Time % Phy DF OF
1 Mikael Backlund Brock Boeser Adrian Kempe 50 1 2 2
2 Jeff Carter Jake DeBrusk Dawson Mercer 50 1 2 2
PowerPlay Defense
Defense Defense Time % Phy DF OF
1 Brandon Carlo Jacob Trouba 50 1 2 2
2 Evan Bouchard Brett Pesce 50 1 2 2
Penalty Kill 4 Players Forward
Center Wing Time % Phy DF OF
1 David Perron Brock Boeser 50 1 2 2
2 Mikael Backlund Adrian Kempe 50 1 2 2
Penalty Kill 4 Players Defense
Defense Defense Time % Phy DF OF
1 Brandon Carlo Jacob Trouba 50 1 2 2
2 Evan Bouchard Rasmus Ristolainen 50 1 2 2
Penalty Kill - 3 Players Forward
Forward Time % Phy DF OF
1 Mikael Backlund 50 1 2 2
2 Brock Boeser 50 1 2 2
Penalty Kill - 3 Players Defense
Defense Defense Time % Phy DF OF
1 Brandon Carlo Jacob Trouba 50 1 2 2
2 Evan Bouchard Rasmus Ristolainen 50 1 2 2
4 vs 4 Forward
Center Wing Time % Phy DF OF
1 Jake DeBrusk Brock Boeser 50 1 2 2
2 Mikael Backlund Adrian Kempe 50 1 2 2
4 vs 4 Defense
Defense Defense Time % Phy DF OF
1 Brandon Carlo Jacob Trouba 50 1 2 2
2 Evan Bouchard Brett Pesce 50 1 2 2
Last Minutes Offensive
Center Left Wing Right Wing Defense Defense
Mikael Backlund Brock Boeser Adrian Kempe Brandon Carlo Jacob Trouba
Last Minutes Defensive
Center Left Wing Right Wing Defense Defense
Mikael Backlund Brock Boeser Adrian Kempe Brandon Carlo Jacob Trouba
Goaltenders
Starting : Juuse Saros
Backup : Matt Murray
Extra Forwards
Normal : Morgan Barron, Jake DeBrusk, Dawson Mercer - PP : Morgan Barron, Jake DeBrusk - PK : Dawson Mercer
Extra Defensemen
Normal : Brett Pesce, Rasmus Ristolainen, Evan Bouchard - PP : Brett Pesce - PK : Rasmus Ristolainen, Evan Bouchard
Penalty Shots
Dawson Mercer, Brock Boeser, Mikael Backlund, Jake DeBrusk, David Perron
Scratches
David Reinbacher (Healthy), Boone Jenner (Left Hand Injury), Julien Gauthier (Healthy), Dylan Holloway (Healthy)
% Time on Ice - Nashville Predators
Lines # - Real PCT - Wanted PCT - Time Play
Normal Forward
1 - 28% - 27% - 13:54
2 - 27% - 27% - 13:46
3 - 25% - 25% - 12:43
4 - 20% - 21% - 10:00
Normal Defense
1 - 35% - 35% - 17:31
2 - 35% - 35% - 17:36
3 - 30% - 30% - 15:16
4 - 0% - 0% - 0:00
PP Forward
1 - 51% - 50% - 2:54
2 - 49% - 50% - 2:45
PP Defense
1 - 50% - 50% - 2:51
2 - 50% - 50% - 2:48
PK Forward
1 - 52% - 50% - 2:04
2 - 48% - 50% - 1:54
PK Defense
1 - 54% - 50% - 2:08
2 - 46% - 50% - 1:50
PK3 Forward
1 - 0% - 50%
2 - 0% - 50%
PK3 Defense
1 - 0% - 50%
2 - 0% - 50%
44 Forward
1 - 0% - 50%
2 - 0% - 50%
44 Defense
1 - 0% - 50%
2 - 0% - 50%
Last Minute Offensive - 0:00
Last Minute Defensive - 0:00
Total
Forward - 60:00
Defense - 60:00
|
% Time on Ice - Edmonton Oilers
Lines # - Real PCT - Wanted PCT - Time Play
Normal Forward
1 - 30% - 30% - 15:13
2 - 30% - 30% - 15:02
3 - 25% - 25% - 12:26
4 - 15% - 15% - 7:42
Normal Defense
1 - 35% - 35% - 17:37
2 - 35% - 35% - 17:31
3 - 30% - 30% - 15:15
4 - 0% - 0% - 0:00
PP Forward
1 - 50% - 50% - 2:00
2 - 50% - 50% - 1:58
PP Defense
1 - 50% - 50% - 1:59
2 - 50% - 50% - 1:59
PK Forward
1 - 48% - 50% - 2:44
2 - 52% - 50% - 2:55
PK Defense
1 - 51% - 50% - 2:53
2 - 49% - 50% - 2:46
PK3 Forward
1 - 0% - 50%
2 - 0% - 50%
PK3 Defense
1 - 0% - 50%
2 - 0% - 50%
44 Forward
1 - 0% - 50%
2 - 0% - 50%
44 Defense
1 - 0% - 50%
2 - 0% - 50%
Last Minute Offensive - 0:00
Last Minute Defensive - 0:00
Total
Forward - 60:00
Defense - 60:00
|
Play-by-Play
1st period
0:01 of 1st period - Mikael Backlund wins face-off versus Colton Sissons in neutral zone.
0:13 of 1st period - Wrist shot by Adrian Kempe.
0:13 of 1st period - Stopped by Semyon Varlamov without a rebound.
0:14 of 1st period - Jeff Carter wins face-off versus Thomas Novak in Nashville Predators zone.
1:03 of 1st period - Parker Wotherspoon is hit by Morgan Barron and loses puck.
2:56 of 1st period - Mattias Samuelsson is hit by Adrian Kempe and loses puck.
3:39 of 1st period - Snap shot by Dawson Mercer.
3:39 of 1st period - Stopped by Semyon Varlamov with a rebound.
3:41 of 1st period - Wrist shot by Dawson Mercer.
3:41 of 1st period - Shot Blocked by Jordan Harris.
3:53 of 1st period - Snap shot by Colton Sissons.
3:53 of 1st period - Stopped by Juuse Saros without a rebound.
3:54 of 1st period - Colton Sissons wins face-off versus Ryan McLeod in Edmonton Oilers zone.
3:59 of 1st period - Wrist shot by Max Pacioretty.
3:59 of 1st period - Deflect By Colton Sissons.
3:59 of 1st period - Shot Misses the Net.
3:59 of 1st period - Puck is out of play.
4:00 of 1st period - Mikael Backlund wins face-off versus Ryan Johansen in Edmonton Oilers zone.
4:00 of 1st period - Mikael Backlund is hit by Ryan Johansen.
4:14 of 1st period - Snap shot by Brock Boeser.
4:14 of 1st period - Shot Blocked by Zach Benson.
4:16 of 1st period - Slapshot by Scott Mayfield.
4:16 of 1st period - Stopped by Semyon Varlamov with a rebound.
4:35 of 1st period - Snap shot by Jake DeBrusk.
4:35 of 1st period - Stopped by Semyon Varlamov with a rebound.
4:49 of 1st period - Snap shot by Colton Sissons.
4:49 of 1st period - Stopped by Juuse Saros with a rebound.
5:11 of 1st period - Backhand shot by Ryan McLeod.
5:11 of 1st period - Shot Misses the Net.
5:13 of 1st period - Slapshot by Jacob Trouba.
5:13 of 1st period - Shot Blocked by Michael Carcone.
5:15 of 1st period - Slapshot by Jacob Trouba.
5:15 of 1st period - Deflect By Morgan Barron.
5:15 of 1st period - Stopped by Semyon Varlamov with a rebound.
5:47 of 1st period - Off-side.
5:48 of 1st period - Jeff Carter wins face-off versus Thomas Novak in neutral zone.
5:55 of 1st period - Wrist shot by Jake DeBrusk.
5:55 of 1st period - Stopped by Semyon Varlamov with a rebound.
6:04 of 1st period - Icing by Jordan Harris.
6:05 of 1st period - Thomas Novak wins face-off versus Adrian Kempe in Nashville Predators zone.
6:12 of 1st period - Adrian Kempe is hit by Tyson Foerster and loses puck.
6:19 of 1st period - Slapshot by Rasmus Ristolainen.
6:19 of 1st period - Stopped by Semyon Varlamov with a rebound.
7:00 of 1st period - Slapshot by Ryan Johansen.
7:00 of 1st period - Stopped by Juuse Saros with a rebound.
7:02 of 1st period - Slapshot by Dante Fabbro.
7:02 of 1st period - Shot Misses the Net.
7:04 of 1st period - Slapshot by Dante Fabbro.
7:04 of 1st period - Stopped by Juuse Saros with a rebound.
7:21 of 1st period - Minor Penalty to Artem Zub for Tripping.
7:22 of 1st period - Mikael Backlund wins face-off versus Colton Sissons in Nashville Predators zone.
9:21 of 1st period - Penalty to Artem Zub is over, Artem Zub is back on ice.
9:30 of 1st period - Mattias Samuelsson is hit by Evan Bouchard and loses puck.
9:45 of 1st period - Morgan Barron is hit by Zemgus Girgensons and loses puck.
9:57 of 1st period - Icing by Brandon Carlo.
9:58 of 1st period - Thomas Novak wins face-off versus Ryan McLeod in Edmonton Oilers zone.
10:09 of 1st period - Snap shot by Leo Carlsson.
10:09 of 1st period - Goal by Leo Carlsson - Nashville Predators : 1 - Edmonton Oilers : 0.
10:10 of 1st period - Colton Sissons wins face-off versus Dawson Mercer in neutral zone.
10:36 of 1st period - Ryan Johansen is hit by Jake DeBrusk.
10:40 of 1st period - Slapshot by Jeff Carter.
10:40 of 1st period - Shot Blocked by Brett Leason.
11:28 of 1st period - Slapshot by Morgan Barron.
11:28 of 1st period - Deflect By Jordan Harris.
11:28 of 1st period - Shot Blocked by Jordan Harris.
11:28 of 1st period - Puck is out of play.
11:29 of 1st period - Colton Sissons wins face-off versus Dawson Mercer in Nashville Predators zone.
11:29 of 1st period - Colton Sissons is hit by Jacob Trouba.
11:34 of 1st period - Corey Perry beats up Pius Suter.
11:34 of 1st period - Penalty to Corey Perry for Fighting.
11:34 of 1st period - Penalty to Pius Suter for Fighting.
11:35 of 1st period - Mikael Backlund wins face-off versus Colton Sissons in neutral zone.
12:00 of 1st period - Mikael Backlund is hit by Jack Drury and loses puck.
12:08 of 1st period - Icing by Brock Boeser.
12:09 of 1st period - Mikael Backlund wins face-off versus Ryan Johansen in Edmonton Oilers zone.
12:14 of 1st period - Slapshot by Zach Benson.
12:14 of 1st period - Shot Blocked by Jacob Trouba.
12:16 of 1st period - Slapshot by Simon Benoit.
12:16 of 1st period - Shot Blocked by Jacob Trouba.
12:18 of 1st period - Slapshot by Simon Benoit.
12:18 of 1st period - Deflect By Zach Benson.
12:18 of 1st period - Shot Misses the Net.
12:18 of 1st period - Puck is out of play.
12:19 of 1st period - Jeff Carter wins face-off versus Ryan Johansen in Edmonton Oilers zone.
12:25 of 1st period - Off-side.
12:26 of 1st period - Colton Sissons wins face-off versus Jeff Carter in neutral zone.
13:21 of 1st period - Mikael Backlund is hit by Artem Zub and loses puck.
13:40 of 1st period - Snap shot by Max Pacioretty.
13:40 of 1st period - Shot Blocked by Brett Pesce.
13:48 of 1st period - Backhand shot by Ryan Johansen.
13:48 of 1st period - Stopped by Juuse Saros with a rebound.
14:20 of 1st period - Wrist shot by Michael Carcone.
14:20 of 1st period - Stopped by Juuse Saros with a rebound.
14:26 of 1st period - Minor Penalty to David Perron for Interference.
14:27 of 1st period - Ryan Johansen wins face-off versus Mikael Backlund in Edmonton Oilers zone.
14:28 of 1st period - Slapshot by Max Pacioretty.
14:28 of 1st period - Shot Misses the Net.
14:30 of 1st period - Wrist shot by Tyson Foerster.
14:30 of 1st period - Stopped by Juuse Saros without a rebound.
14:31 of 1st period - Ryan Johansen wins face-off versus Mikael Backlund in Edmonton Oilers zone.
14:34 of 1st period - Snap shot by Tyson Foerster.
14:34 of 1st period - Shot Misses the Net.
14:36 of 1st period - Wrist shot by Max Pacioretty.
14:36 of 1st period - Stopped by Juuse Saros without a rebound.
14:37 of 1st period - Mikael Backlund wins face-off versus Ryan Johansen in Edmonton Oilers zone.
14:47 of 1st period - Off-side.
14:48 of 1st period - Colton Sissons wins face-off versus Dawson Mercer in neutral zone.
15:01 of 1st period - Wrist shot by Colton Sissons.
15:01 of 1st period - Stopped by Juuse Saros with a rebound.
15:03 of 1st period - Snap shot by Brett Leason.
15:03 of 1st period - Shot Misses the Net.
15:13 of 1st period - Leo Carlsson is hit by Brock Boeser and loses puck.
15:20 of 1st period - Evan Bouchard is hit by Artem Zub.
16:26 of 1st period - Penalty to David Perron is over, David Perron is back on ice.
16:52 of 1st period - Wrist shot by Mikael Backlund.
16:52 of 1st period - Shot Misses the Net.
16:54 of 1st period - Snap shot by Brandon Carlo.
16:54 of 1st period - Shot Blocked by Dante Fabbro.
16:56 of 1st period - Wrist shot by Adrian Kempe.
16:56 of 1st period - Shot Blocked by Artem Zub.
17:18 of 1st period - Snap shot by Ryan McLeod.
17:18 of 1st period - Shot Misses the Net.
17:32 of 1st period - Evan Bouchard is hit by Max Pacioretty and loses puck.
18:03 of 1st period - Slapshot by Evan Bouchard.
18:03 of 1st period - Shot Blocked by Tyson Foerster.
18:34 of 1st period - Simon Benoit is hit by Morgan Barron.
18:38 of 1st period - Colton Sissons is hit by Rasmus Ristolainen and loses puck.
18:49 of 1st period - Brett Pesce is hit by Leo Carlsson and loses puck.
19:02 of 1st period - Mattias Samuelsson is hit by Jake DeBrusk and loses puck.
19:20 of 1st period - Corey Perry is hit by Zemgus Girgensons and loses puck.
19:38 of 1st period - Pius Suter is hit by Scott Mayfield and loses puck.
19:51 of 1st period - Leo Carlsson is hit by Brock Boeser.
Goals for this period are 1 for Nashville Predators vs 0 for Edmonton Oilers.
Shots for this period are 10 for Nashville Predators vs 7 for Edmonton Oilers.
2nd period
0:01 of 2nd period - Mikael Backlund wins face-off versus Thomas Novak in neutral zone.
0:08 of 2nd period - Snap shot by Brock Boeser.
0:08 of 2nd period - Stopped by Semyon Varlamov without a rebound.
0:09 of 2nd period - Mikael Backlund wins face-off versus Thomas Novak in Nashville Predators zone.
0:10 of 2nd period - Snap shot by Adrian Kempe.
0:10 of 2nd period - Stopped by Semyon Varlamov without a rebound.
0:11 of 2nd period - Mikael Backlund wins face-off versus Thomas Novak in Nashville Predators zone.
0:14 of 2nd period - Snap shot by Mikael Backlund.
0:14 of 2nd period - Deflect By Adrian Kempe.
0:14 of 2nd period - Shot Misses the Net.
0:14 of 2nd period - Puck is out of play.
0:15 of 2nd period - Brock Boeser wins face-off versus Thomas Novak in Nashville Predators zone.
0:47 of 2nd period - Wrist shot by Corey Perry.
0:47 of 2nd period - Stopped by Semyon Varlamov with a rebound.
0:49 of 2nd period - Slapshot by Brandon Carlo.
0:49 of 2nd period - Shot Misses the Net.
0:51 of 2nd period - Snap shot by Jacob Trouba.
0:51 of 2nd period - Stopped by Semyon Varlamov with a rebound.
1:50 of 2nd period - Wrist shot by Leo Carlsson.
1:50 of 2nd period - Stopped by Juuse Saros without a rebound.
1:51 of 2nd period - Brock Boeser wins face-off versus Thomas Novak in Edmonton Oilers zone.
2:00 of 2nd period - Slapshot by Brock Boeser.
2:00 of 2nd period - Shot Blocked by Mattias Samuelsson.
2:18 of 2nd period - Artem Zub is hit by Brock Boeser and loses puck.
2:43 of 2nd period - Slapshot by Leo Carlsson.
2:43 of 2nd period - Shot Blocked by Brett Pesce.
2:45 of 2nd period - Slapshot by Leo Carlsson.
2:45 of 2nd period - Stopped by Juuse Saros with a rebound.
2:47 of 2nd period - Wrist shot by Mattias Samuelsson.
2:47 of 2nd period - Stopped by Juuse Saros with a rebound.
2:49 of 2nd period - Snap shot by Thomas Novak.
2:49 of 2nd period - Stopped by Juuse Saros without a rebound.
2:50 of 2nd period - Colton Sissons wins face-off versus Dawson Mercer in Edmonton Oilers zone.
3:15 of 2nd period - Simon Benoit is hit by Evan Bouchard and loses puck.
3:35 of 2nd period - Icing by Zemgus Girgensons.
3:36 of 2nd period - Jack Drury wins face-off versus Ryan McLeod in Nashville Predators zone.
3:41 of 2nd period - Pius Suter is hit by Morgan Barron and loses puck.
3:46 of 2nd period - Wrist shot by Ryan McLeod.
3:46 of 2nd period - Stopped by Semyon Varlamov with a rebound.
3:48 of 2nd period - Snap shot by Tanner Jeannot.
3:48 of 2nd period - Stopped by Semyon Varlamov with a rebound.
3:50 of 2nd period - Wrist shot by Tanner Jeannot.
3:50 of 2nd period - Shot Misses the Net.
3:52 of 2nd period - Slapshot by Scott Mayfield.
3:52 of 2nd period - Stopped by Semyon Varlamov with a rebound.
4:02 of 2nd period - Wrist shot by Ryan Johansen.
4:02 of 2nd period - Stopped by Juuse Saros without a rebound.
4:03 of 2nd period - Ryan Johansen wins face-off versus Dawson Mercer in Edmonton Oilers zone.
4:54 of 2nd period - Wrist shot by Zemgus Girgensons.
4:54 of 2nd period - Shot Misses the Net.
4:56 of 2nd period - Wrist shot by Zemgus Girgensons.
4:56 of 2nd period - Stopped by Juuse Saros with a rebound.
5:16 of 2nd period - Morgan Barron is hit by Parker Wotherspoon and loses puck.
5:39 of 2nd period - Wrist shot by Dawson Mercer.
5:39 of 2nd period - Stopped by Semyon Varlamov with a rebound.
5:41 of 2nd period - Snap shot by Alex Iafallo.
5:41 of 2nd period - Shot Misses the Net.
5:43 of 2nd period - Slapshot by Brandon Carlo.
5:43 of 2nd period - Shot Blocked by Jordan Harris.
6:18 of 2nd period - David Perron is hit by Parker Wotherspoon and loses puck.
6:23 of 2nd period - Snap shot by Jack Drury.
6:23 of 2nd period - Stopped by Juuse Saros without a rebound.
6:24 of 2nd period - Colton Sissons wins face-off versus Dawson Mercer in Edmonton Oilers zone.
6:31 of 2nd period - Snap shot by Colton Sissons.
6:31 of 2nd period - Stopped by Juuse Saros without a rebound.
6:32 of 2nd period - Colton Sissons wins face-off versus Dawson Mercer in Edmonton Oilers zone.
6:35 of 2nd period - Wrist shot by Colton Sissons.
6:35 of 2nd period - Shot Misses the Net.
6:37 of 2nd period - Slapshot by Mattias Samuelsson.
6:37 of 2nd period - Stopped by Juuse Saros with a rebound.
6:39 of 2nd period - Snap shot by Artem Zub.
6:39 of 2nd period - Stopped by Juuse Saros with a rebound.
7:23 of 2nd period - Wrist shot by David Perron.
7:23 of 2nd period - Stopped by Semyon Varlamov without a rebound.
7:24 of 2nd period - Jeff Carter wins face-off versus Colton Sissons in Nashville Predators zone.
7:27 of 2nd period - Snap shot by Jake DeBrusk.
7:27 of 2nd period - Deflect By David Perron.
7:27 of 2nd period - Shot Hit the Post.
7:27 of 2nd period - Puck is out of play.
7:28 of 2nd period - Colton Sissons wins face-off versus Dawson Mercer in Nashville Predators zone.
7:36 of 2nd period - Wrist shot by Corey Perry.
7:36 of 2nd period - Shot Misses the Net.
7:38 of 2nd period - Snap shot by Corey Perry.
7:38 of 2nd period - Stopped by Semyon Varlamov without a rebound.
7:39 of 2nd period - Ryan Johansen wins face-off versus Dawson Mercer in Nashville Predators zone.
8:04 of 2nd period - Mikael Backlund is hit by Pius Suter and loses puck.
8:31 of 2nd period - Slapshot by Leo Carlsson.
8:31 of 2nd period - Shot Misses the Net.
8:33 of 2nd period - Snap shot by Dante Fabbro.
8:33 of 2nd period - Shot Misses the Net.
8:35 of 2nd period - Snap shot by Leo Carlsson.
8:35 of 2nd period - Stopped by Juuse Saros without a rebound.
8:36 of 2nd period - Pius Suter wins face-off versus Dawson Mercer in Edmonton Oilers zone.
8:39 of 2nd period - Snap shot by Colton Sissons.
8:39 of 2nd period - Stopped by Juuse Saros with a rebound.
8:58 of 2nd period - Icing by Jordan Harris.
8:59 of 2nd period - Mikael Backlund wins face-off versus Ryan Johansen in Nashville Predators zone.
9:08 of 2nd period - Snap shot by Ryan Johansen.
9:08 of 2nd period - Stopped by Juuse Saros without a rebound.
9:09 of 2nd period - Jeff Carter wins face-off versus Thomas Novak in Edmonton Oilers zone.
9:59 of 2nd period - Backhand shot by Pius Suter.
9:59 of 2nd period - Stopped by Juuse Saros without a rebound.
10:00 of 2nd period - Jeff Carter wins face-off versus Colton Sissons in Edmonton Oilers zone.
10:09 of 2nd period - Wrist shot by Max Pacioretty.
10:09 of 2nd period - Shot Misses the Net.
10:11 of 2nd period - Slapshot by Simon Benoit.
10:11 of 2nd period - Deflect By Max Pacioretty.
10:11 of 2nd period - Stopped by Juuse Saros without a rebound.
10:12 of 2nd period - Zemgus Girgensons wins face-off versus Dawson Mercer in Edmonton Oilers zone.
10:17 of 2nd period - Snap shot by Jack Drury.
10:17 of 2nd period - Shot Misses the Net.
10:23 of 2nd period - Parker Wotherspoon is hit by Corey Perry and loses puck.
10:38 of 2nd period - Parker Wotherspoon is hit by David Perron and loses puck.
11:06 of 2nd period - Icing by Mattias Samuelsson.
11:07 of 2nd period - Leo Carlsson wins face-off versus Mikael Backlund in Nashville Predators zone.
11:17 of 2nd period - Slapshot by Evan Bouchard.
11:17 of 2nd period - Deflect By Leo Carlsson.
11:17 of 2nd period - Stopped by Semyon Varlamov with a rebound.
11:38 of 2nd period - Slapshot by Evan Bouchard.
11:38 of 2nd period - Stopped by Semyon Varlamov with a rebound.
12:04 of 2nd period - Colton Sissons is hit by Scott Mayfield and loses puck.
12:44 of 2nd period - Wrist shot by Thomas Novak.
12:44 of 2nd period - Stopped by Juuse Saros without a rebound.
12:45 of 2nd period - Thomas Novak wins face-off versus Dawson Mercer in Edmonton Oilers zone.
12:46 of 2nd period - Snap shot by Tyson Foerster.
12:46 of 2nd period - Shot Blocked by Brett Pesce.
12:48 of 2nd period - Snap shot by Thomas Novak.
12:48 of 2nd period - Stopped by Juuse Saros without a rebound.
12:49 of 2nd period - Ryan Johansen wins face-off versus Dawson Mercer in Edmonton Oilers zone.
13:04 of 2nd period - Wrist shot by Dawson Mercer.
13:04 of 2nd period - Stopped by Semyon Varlamov without a rebound.
13:05 of 2nd period - Mikael Backlund wins face-off versus Pius Suter in Nashville Predators zone.
13:12 of 2nd period - Wrist shot by Adrian Kempe.
13:12 of 2nd period - Shot Misses the Net.
13:30 of 2nd period - Adrian Kempe is hit by Jordan Harris and loses puck.
14:11 of 2nd period - Wrist shot by Adrian Kempe.
14:11 of 2nd period - Stopped by Semyon Varlamov without a rebound.
14:12 of 2nd period - Colton Sissons wins face-off versus Jeff Carter in Nashville Predators zone.
14:17 of 2nd period - Wrist shot by David Perron.
14:17 of 2nd period - Stopped by Semyon Varlamov with a rebound.
14:27 of 2nd period - Snap shot by Colton Sissons.
14:27 of 2nd period - Stopped by Juuse Saros without a rebound.
14:28 of 2nd period - Dawson Mercer wins face-off versus Brett Leason in Edmonton Oilers zone.
14:30 of 2nd period - Minor Penalty to Alex Iafallo for Holding.
14:31 of 2nd period - David Perron wins face-off versus Brett Leason in Edmonton Oilers zone.
16:30 of 2nd period - Penalty to Alex Iafallo is over, Alex Iafallo is back on ice.
16:36 of 2nd period - Tanner Jeannot is hit by Dante Fabbro.
16:50 of 2nd period - Zemgus Girgensons is hit by Tanner Jeannot and loses puck.
17:41 of 2nd period - Mattias Samuelsson is hit by Brock Boeser and loses puck.
17:50 of 2nd period - Wrist shot by Thomas Novak.
17:50 of 2nd period - Goal by Thomas Novak - Nashville Predators : 2 - Edmonton Oilers : 0.
17:51 of 2nd period - Colton Sissons wins face-off versus Jeff Carter in neutral zone.
18:18 of 2nd period - Brandon Carlo is hit by Zach Benson and loses puck.
18:23 of 2nd period - Wrist shot by Ryan Johansen.
18:23 of 2nd period - Shot Misses the Net.
18:25 of 2nd period - Slapshot by Simon Benoit.
18:25 of 2nd period - Stopped by Juuse Saros with a rebound.
18:27 of 2nd period - Snap shot by Brett Leason.
18:27 of 2nd period - Stopped by Juuse Saros without a rebound.
18:28 of 2nd period - Mikael Backlund wins face-off versus Jack Drury in Edmonton Oilers zone.
18:42 of 2nd period - Minor Penalty to Adrian Kempe for High sticking.
18:43 of 2nd period - Mikael Backlund wins face-off versus Colton Sissons in Edmonton Oilers zone.
18:59 of 2nd period - Slapshot by Jordan Harris.
18:59 of 2nd period - Shot Misses the Net.
19:35 of 2nd period - Dante Fabbro is hit by Jacob Trouba and loses puck.
19:54 of 2nd period - Slapshot by Jacob Trouba.
19:54 of 2nd period - Stopped by Semyon Varlamov with a rebound.
Goals for this period are 1 for Nashville Predators vs 0 for Edmonton Oilers.
Shots for this period are 21 for Nashville Predators vs 16 for Edmonton Oilers.
3rd period
0:01 of 3rd period - Mikael Backlund wins face-off versus Brett Leason in neutral zone.
0:04 of 3rd period - Slapshot by Evan Bouchard.
0:04 of 3rd period - Stopped by Semyon Varlamov with a rebound.
0:11 of 3rd period - Slapshot by Parker Wotherspoon.
0:11 of 3rd period - Stopped by Juuse Saros without a rebound.
0:12 of 3rd period - David Perron wins face-off versus Ryan Johansen in Edmonton Oilers zone.
0:23 of 3rd period - Slapshot by Artem Zub.
0:23 of 3rd period - Goal by Artem Zub - Nashville Predators : 3 - Edmonton Oilers : 0.
0:24 of 3rd period - Jeff Carter wins face-off versus Pius Suter in neutral zone.
0:26 of 3rd period - Off-side.
0:27 of 3rd period - Jeff Carter wins face-off versus Colton Sissons in neutral zone.
0:52 of 3rd period - Slapshot by Artem Zub.
0:52 of 3rd period - Shot Blocked by Alex Iafallo.
0:54 of 3rd period - Slapshot by Mattias Samuelsson.
0:54 of 3rd period - Shot Blocked by Corey Perry.
0:56 of 3rd period - Wrist shot by Brett Leason.
0:56 of 3rd period - Stopped by Juuse Saros without a rebound.
0:57 of 3rd period - Ryan Johansen wins face-off versus Dawson Mercer in Edmonton Oilers zone.
1:10 of 3rd period - Snap shot by Alex Iafallo.
1:10 of 3rd period - Stopped by Semyon Varlamov with a rebound.
1:24 of 3rd period - Ryan Johansen is hit by Brock Boeser and loses puck.
1:54 of 3rd period - Slapshot by Ryan McLeod.
1:54 of 3rd period - Stopped by Semyon Varlamov with a rebound.
1:56 of 3rd period - Slapshot by Brett Pesce.
1:56 of 3rd period - Shot Misses the Net.
1:58 of 3rd period - Slapshot by Brett Pesce.
1:58 of 3rd period - Stopped by Semyon Varlamov with a rebound.
2:00 of 3rd period - Wrist shot by Ryan McLeod.
2:00 of 3rd period - Stopped by Semyon Varlamov with a rebound.
2:42 of 3rd period - Slapshot by Leo Carlsson.
2:42 of 3rd period - Goal by Leo Carlsson - Nashville Predators : 4 - Edmonton Oilers : 0.
2:43 of 3rd period - Jeff Carter wins face-off versus Max Pacioretty in neutral zone.
2:45 of 3rd period - Evan Bouchard is hit by Parker Wotherspoon and loses puck.
4:15 of 3rd period - Wrist shot by Max Pacioretty.
4:15 of 3rd period - Shot Misses the Net.
4:45 of 3rd period - Off-side.
4:46 of 3rd period - Mikael Backlund wins face-off versus Jack Drury in neutral zone.
5:13 of 3rd period - Wrist shot by Leo Carlsson.
5:13 of 3rd period - Stopped by Juuse Saros without a rebound.
5:14 of 3rd period - Tyson Foerster wins face-off versus Jake DeBrusk in Edmonton Oilers zone.
5:15 of 3rd period - Backhand shot by Leo Carlsson.
5:15 of 3rd period - Shot Misses the Net.
5:17 of 3rd period - Slapshot by Jordan Harris.
5:17 of 3rd period - Shot Blocked by Jake DeBrusk.
5:19 of 3rd period - Wrist shot by Thomas Novak.
5:19 of 3rd period - Stopped by Juuse Saros without a rebound.
5:20 of 3rd period - Jeff Carter wins face-off versus Colton Sissons in Edmonton Oilers zone.
5:29 of 3rd period - Snap shot by Jeff Carter.
5:29 of 3rd period - Shot Misses the Net.
5:47 of 3rd period - Corey Perry is hit by Tyson Foerster and loses puck.
6:58 of 3rd period - Snap shot by David Perron.
6:58 of 3rd period - Stopped by Semyon Varlamov with a rebound.
7:00 of 3rd period - Snap shot by David Perron.
7:00 of 3rd period - Goal by David Perron - Nashville Predators : 4 - Edmonton Oilers : 1.
7:01 of 3rd period - Thomas Novak wins face-off versus Jeff Carter in neutral zone.
7:55 of 3rd period - Wrist shot by Mikael Backlund.
7:55 of 3rd period - Shot Misses the Net.
8:13 of 3rd period - Wrist shot by Tanner Jeannot.
8:13 of 3rd period - Stopped by Semyon Varlamov with a rebound.
8:29 of 3rd period - Snap shot by David Perron.
8:29 of 3rd period - Stopped by Semyon Varlamov with a rebound.
8:31 of 3rd period - Snap shot by Jake DeBrusk.
8:31 of 3rd period - Shot Misses the Net.
8:33 of 3rd period - Wrist shot by David Perron.
8:33 of 3rd period - Stopped by Semyon Varlamov with a rebound.
8:35 of 3rd period - Slapshot by Brett Pesce.
8:35 of 3rd period - Stopped by Semyon Varlamov with a rebound.
9:15 of 3rd period - Wrist shot by Jack Drury.
9:15 of 3rd period - Stopped by Juuse Saros with a rebound.
10:42 of 3rd period - Backhand shot by Michael Carcone.
10:42 of 3rd period - Stopped by Juuse Saros without a rebound.
10:43 of 3rd period - Ryan Johansen wins face-off versus Jake DeBrusk in Edmonton Oilers zone.
11:10 of 3rd period - Thomas Novak is hit by Mikael Backlund and loses puck.
11:39 of 3rd period - Pius Suter is hit by Scott Mayfield.
12:16 of 3rd period - Wrist shot by Ryan Johansen.
12:16 of 3rd period - Stopped by Juuse Saros with a rebound.
12:18 of 3rd period - Snap shot by Dante Fabbro.
12:18 of 3rd period - Stopped by Juuse Saros without a rebound.
12:19 of 3rd period - Mikael Backlund wins face-off versus Thomas Novak in Edmonton Oilers zone.
12:50 of 3rd period - Wrist shot by David Perron.
12:50 of 3rd period - Shot Misses the Net.
12:52 of 3rd period - Snap shot by Scott Mayfield.
12:52 of 3rd period - Stopped by Semyon Varlamov with a rebound.
12:54 of 3rd period - Slapshot by Scott Mayfield.
12:54 of 3rd period - Stopped by Semyon Varlamov without a rebound.
12:55 of 3rd period - Dawson Mercer wins face-off versus Ryan Johansen in Nashville Predators zone.
13:04 of 3rd period - Slapshot by Alex Iafallo.
13:04 of 3rd period - Shot Misses the Net.
13:06 of 3rd period - Slapshot by Brandon Carlo.
13:06 of 3rd period - Stopped by Semyon Varlamov with a rebound.
13:08 of 3rd period - Snap shot by Alex Iafallo.
13:08 of 3rd period - Stopped by Semyon Varlamov with a rebound.
13:16 of 3rd period - Minor Penalty to Zach Benson for Delaying the game.
13:17 of 3rd period - Colton Sissons wins face-off versus Jeff Carter in Nashville Predators zone.
13:17 of 3rd period - Colton Sissons is hit by Dawson Mercer.
13:25 of 3rd period - Snap shot by Ryan Johansen.
13:25 of 3rd period - Goal by Ryan Johansen - Nashville Predators : 5 - Edmonton Oilers : 1.
13:26 of 3rd period - Mikael Backlund wins face-off versus Colton Sissons in neutral zone.
13:35 of 3rd period - Wrist shot by Brock Boeser.
13:35 of 3rd period - Shot Misses the Net.
13:55 of 3rd period - Icing by Dawson Mercer.
13:56 of 3rd period - Jeff Carter wins face-off versus Colton Sissons in Edmonton Oilers zone.
14:15 of 3rd period - Wrist shot by Jake DeBrusk.
14:15 of 3rd period - Deflect By Jeff Carter.
14:15 of 3rd period - Shot Misses the Net.
14:15 of 3rd period - Puck is out of play.
14:16 of 3rd period - Ryan Johansen wins face-off versus Mikael Backlund in Nashville Predators zone.
14:27 of 3rd period - Artem Zub is hit by Brett Pesce.
14:43 of 3rd period - Colton Sissons is hit by Evan Bouchard and loses puck.
15:16 of 3rd period - Penalty to Zach Benson is over, Zach Benson is back on ice.
15:29 of 3rd period - Backhand shot by Ryan Johansen.
15:29 of 3rd period - Deflect By Michael Carcone.
15:29 of 3rd period - Shot Misses the Net.
15:29 of 3rd period - Puck is out of play.
15:30 of 3rd period - Ryan McLeod wins face-off versus Jack Drury in Edmonton Oilers zone.
15:30 of 3rd period - Tanner Jeannot and Michael Carcone fight to a draw.
15:30 of 3rd period - Penalty to Tanner Jeannot for Fighting.
15:30 of 3rd period - Penalty to Michael Carcone for Fighting.
15:31 of 3rd period - Colton Sissons wins face-off versus Jeff Carter in Edmonton Oilers zone.
15:36 of 3rd period - Snap shot by Pius Suter.
15:36 of 3rd period - Deflect By Brett Pesce.
15:36 of 3rd period - Stopped by Juuse Saros with a rebound.
15:38 of 3rd period - Snap shot by Colton Sissons.
15:38 of 3rd period - Stopped by Juuse Saros with a rebound.
16:00 of 3rd period - Wrist shot by Brock Boeser.
16:00 of 3rd period - Stopped by Semyon Varlamov without a rebound.
16:01 of 3rd period - Mikael Backlund wins face-off versus Thomas Novak in Nashville Predators zone.
16:18 of 3rd period - Wrist shot by Thomas Novak.
16:18 of 3rd period - Shot Misses the Net.
16:20 of 3rd period - Slapshot by Artem Zub.
16:20 of 3rd period - Deflect By Brock Boeser.
16:20 of 3rd period - Stopped by Juuse Saros without a rebound.
16:21 of 3rd period - David Perron wins face-off versus Jack Drury in Edmonton Oilers zone.
16:21 of 3rd period - David Perron is hit by Zemgus Girgensons.
16:31 of 3rd period - David Perron is hit by Simon Benoit and loses puck.
16:48 of 3rd period - Zach Benson is hit by Dawson Mercer and loses puck.
18:08 of 3rd period - Slapshot by Dawson Mercer.
18:08 of 3rd period - Shot Blocked by Zach Benson.
18:18 of 3rd period - Wrist shot by Brock Boeser.
18:18 of 3rd period - Shot Misses the Net.
18:20 of 3rd period - Wrist shot by Adrian Kempe.
18:20 of 3rd period - Goal by Adrian Kempe - Nashville Predators : 5 - Edmonton Oilers : 2.
18:21 of 3rd period - Colton Sissons wins face-off versus Jeff Carter in neutral zone.
18:30 of 3rd period - Jeff Carter is hit by Max Pacioretty and loses puck.
18:47 of 3rd period - Simon Benoit is hit by Corey Perry and loses puck.
18:54 of 3rd period - Snap shot by Dawson Mercer.
18:54 of 3rd period - Stopped by Semyon Varlamov without a rebound.
18:55 of 3rd period - Mikael Backlund wins face-off versus Ryan Johansen in Nashville Predators zone.
19:08 of 3rd period - Wrist shot by Mikael Backlund.
19:08 of 3rd period - Deflect By Brock Boeser.
19:08 of 3rd period - Stopped by Semyon Varlamov with a rebound.
19:10 of 3rd period - Wrist shot by Brett Pesce.
19:10 of 3rd period - Shot Blocked by Mattias Samuelsson.
19:22 of 3rd period - Rasmus Ristolainen is hit by Tyson Foerster and loses puck.
Goals for this period are 3 for Nashville Predators vs 2 for Edmonton Oilers.
Shots for this period are 14 for Nashville Predators vs 19 for Edmonton Oilers.
Back to the Top